Map: Backwater LE

Players

Serral

  • Race: Zerg Zerg
  • Spawn Location: 5:00

Rogue - Winner!

  • Race: Zerg Zerg
  • League: Silver
  • Spawn Location: 11:00

Event: IEM Season 12 - Katowice

VOD

Have the link to the VOD?

Description

Time

  • Played on: March 2, 2018, 5:04 a.m.
  • Length: 18:58

All games in this series

Show
View Real Time Build Order
Export as new Build Order

Serral Zerg 

Build Orders: Hatch First, Lurkers, Roach Hydra 

Get SALT Encoding   

  12  0:00  Drone  
  13  0:13  Overlord  
  13  0:16  Drone  
  14  0:31  Drone x2  
  14  0:35  Drone  
  17  0:52  Hatchery  
  17  0:54  Drone  
  17  0:57  Drone  
  18  1:08  Extractor  
  17  1:12  Spawning Pool  
  17  1:15  Drone  
  17  1:18  Drone  
  18  1:28  Drone  
  19  1:39  Overlord  
  19  1:58  Queen  
  19  1:59  Zergling x2  
  19  2:00  Zergling x2  
  23  2:03  Queen  
  23  2:07  Metabolic Boost  
  25  2:12  Drone x2  
  27  2:16  Drone  
  29  2:22  Drone  
  29  2:26  Drone  
  30  2:35  Hatchery  
  29  2:37  Drone  
  29  2:40  Drone  
  31  2:47  Queen  
  31  2:50  Drone  
  34  2:55  Overlord  
  34  2:59  Drone x2  
  36  3:09  Overlord  
  36  3:13  Drone  
  36  3:14  Drone  
  36  3:15  Zergling x6  
  36  3:17  Zergling x2  
  43  3:20  Drone  
  43  3:22  Drone  
  44  3:28  Overlord  
  43  3:36  Drone  
  43  3:39  Drone  
  45  3:43  Drone x3  
  45  3:46  Evolution Chamber  
  45  3:47  Drone x2  
  49  3:53  Roach Warren, Zergling x2  
  49  3:57  Overlord  
  49  3:58  Drone x3  
  49  4:00  Drone  
  53  4:04  Drone  
  53  4:07  Drone  
  54  4:12  Zerg Missile Weapons Level 1  
  54  4:14  Drone x2  
  55  4:17  Zergling x4  
  55  4:18  Zergling x2  
  58  4:26  Overlord  
  58  4:27  Drone x4  
  58  4:31  Evolution Chamber  
  61  4:36  Roach x3  
  67  4:39  Drone, Extractor x2  
  67  4:42  Overlord  
  67  4:44  Drone x3  
  68  4:48  Overlord  
  68  4:51  Drone, Lair  
  68  4:53  Drone  
  68  4:54  Drone  
  68  4:55  Drone  
  68  4:57  Drone  
  72  5:00  Drone  
  72  5:01  Drone  
  72  5:03  Extractor  
  72  5:04  Extractor  
  72  5:09  Drone x2  
  72  5:11  Drone  
  75  5:15  Drone x3  
  75  5:16  Drone x3  
  75  5:20  Drone x2  
  83  5:23  Drone x2  
  83  5:24  Overlord  
  83  5:27  Overlord  
  85  5:31  Pneumatized Carapace  
  85  5:33  Drone x3  
  87  5:35  Extractor  
  87  5:42  Roach x3, Zerg Ground Armor Level 1  
  92  5:48  Overseer, Glial Reconstitution  
  92  5:52  Hatchery  
  92  5:54  Drone, Roach x2  
  92  5:57  Overseer  
  96  5:58  Overlord  
  96  6:07  Roach x6  
  108  6:14  Zerg Missile Weapons Level 2  
  108  6:18  Unknown, Overlord  
  108  6:23  Roach x6  
  120  6:30  Overlord  
  120  6:34  Overlord  
  120  6:35  Hydralisk Den  
  119  6:41  Roach  
  119  6:42  Roach x3  
  119  6:46  Overlord  
  119  6:47  Drone x3, Overlord x2  
  128  6:48  Overlord  
  128  6:49  Overlord  
  129  6:57  Overlord  
  129  7:02  Roach x4  
  129  7:07  Grooved Spines  
  137  7:11  Lurker Den  
  136  7:18  Roach x10  
  156  7:23  Queen  
  156  7:24  Overlord  
  156  7:29  Extractor, Overlord  
  155  7:31  Queen  
  155  7:33  Roach  
  155  7:34  Ravager x3  
  162  7:39  Unknown  
  162  7:42  Extractor  
  161  7:45  Drone x3  
  161  7:51  Roach x7  
  177  7:57  Hydralisk x2  
  177  7:58  Infestation Pit  
  180  8:02  Overlord  
  180  8:03  Hydralisk x2  
  172  8:15  Hydralisk x2  
  172  8:16  Roach x3  
  161  8:25  Hydralisk x3  
  161  8:32  Queen  
  161  8:40  Lurker x2  
  161  8:41  Lurker x3  
  166  8:45  Hive  
  166  8:47  Hydralisk  
  168  8:49  Unknown x3  
  168  8:52  Drone, Spore Crawler  
  168  8:57  Hydralisk x2, Muscular Augments  
  172  9:09  Hydralisk  
  172  9:10  Hydralisk x5  
  172  9:16  Overlord  
  184  9:20  Overlord  
  184  9:24  Unknown  
  184  9:28  Hydralisk x3  
  190  9:45  Overlord  
  190  9:49  Overlord  
  188  9:53  Zerg Ground Armor Level 2, Hatchery  
  179  10:00  Adaptive Talons  
  179  10:06  Viper x3  
  188  10:08  Lurker  
  188  10:10  Lurker  
  190  10:17  Drone x3  
  190  10:19  Overlord x2  
  190  10:20  Overlord  
  193  10:23  Unknown, Overseer  
  193  10:24  Unknown x2  
  193  10:26  Extractor  
  188  10:35  Lurker  
  188  10:36  Lurker x2  
  188  10:42  Overseer  
  190  10:45  Overseer  
  190  10:46  Hydralisk x4  
  164  11:05  Unknown x2  
  164  11:06  Drone x16  
  164  11:09  Viper x2  
  164  11:11  Drone x3  
  183  11:13  Drone  
  183  11:14  Drone x2, Overseer  
  183  11:16  Hydralisk x2  
  183  11:17  Roach x2  
  188  11:23  Roach x2  
  187  11:26  Roach  
  187  11:27  Drone x2  
  187  11:29  Roach  
  187  11:31  Roach  
  192  11:34  Roach  
  192  11:36  Roach  
  192  11:37  Roach  
  199  11:40  Roach  
  199  11:47  Unknown x3  
  199  11:48  Unknown x4  
  199  12:00  Overseer  
  199  12:01  Drone x3  
  199  12:03  Unknown x2  
  199  12:26  Drone x3  
  200  12:31  Drone  
  200  12:36  Viper x3  
  193  12:40  Hydralisk x2  
  193  12:41  Roach x4  
  190  12:46  Drone x2  
  190  12:50  Drone x2  
  180  13:02  Roach x4  
  178  13:14  Roach x5  
  185  13:20  Unknown  
  185  13:21  Unknown x3  
  185  13:22  Unknown x2  
  184  13:30  Drone x3  
  183  13:39  Drone x2  
  183  13:41  Spine Crawler  
  184  13:42  Drone x5  
  184  13:44  Viper  
  184  13:47  Hatchery  
  191  13:51  Overseer  
  191  13:53  Unknown  
  191  13:54  Unknown  
  191  14:00  Zerg Missile Weapons Level 3  
  191  14:02  Lurker x2  
  193  14:06  Drone x6  
  193  14:07  Drone  
  200  14:10  Overseer  
  200  14:22  Overseer  
  200  14:24  Drone  
  200  14:29  Drone x2  
  196  14:32  Roach  
  196  14:33  Roach x2  
  196  14:35  Roach  
  200  14:45  Unknown x4  
  196  14:47  Roach x2  
  196  14:50  Unknown  
  200  15:05  Unknown x3  
  168  15:22  Drone x3  
  168  15:23  Unknown x6, Hydralisk x3  
  168  15:24  Roach, Hydralisk  
  168  15:25  Roach x7  
  151  15:36  Drone x5  
  151  15:40  Lurker  
  157  15:44  Drone  
  158  15:54  Hydralisk x3  
  164  15:58  Overseer x2  
  164  16:02  Ravager  
  164  16:03  Lurker  
  164  16:04  Unknown x2, Lurker x3  
  169  16:13  Drone  
  169  16:14  Drone x3  
  173  16:22  Hydralisk x3  
  173  16:23  Unknown x5  
  173  16:24  Roach  
  181  16:33  Viper x3  
  190  16:54  Unknown x2, Hydralisk x6  
  196  17:02  Hydralisk x2  
  200  17:13  Unknown x3  
  200  17:14  Unknown  
  181  17:22  Hydralisk x10  
  171  17:35  Hydralisk x2  
  169  17:45  Hydralisk x2  
  169  17:46  Hydralisk  
  171  17:55  Roach  
  169  18:03  Roach x2  
  135  18:14  Lurker x2  
  135  18:15  Lurker x2  
  135  18:19  Roach  
  133  18:20  Roach  
  133  18:25  Roach  
  137  18:32  Roach  
  137  18:42  Unknown x9  
Show
View Real Time Build Order
Export as new Build Order

Rogue Zerg - Winner!

Build Orders: Hatch First, Lurkers, Roach Hydra 

Get SALT Encoding   

  12  0:00  Drone  
  13  0:12  Overlord  
  13  0:16  Drone  
  14  0:31  Drone x2  
  14  0:34  Drone  
  17  0:51  Hatchery  
  17  0:53  Drone  
  17  0:57  Drone  
  18  1:07  Extractor  
  17  1:12  Spawning Pool  
  17  1:14  Drone  
  17  1:18  Drone  
  18  1:28  Drone  
  19  1:38  Overlord  
  19  1:50  Drone  
  20  1:58  Queen  
  20  2:00  Drone  
  23  2:02  Queen  
  23  2:03  Drone  
  23  2:07  Metabolic Boost  
  26  2:11  Drone  
  26  2:14  Drone  
  28  2:23  Drone  
  28  2:24  Drone  
  30  2:33  Hatchery  
  29  2:38  Zergling x4  
  31  2:45  Baneling Nest  
  31  2:48  Overlord  
  31  2:50  Drone  
  31  2:55  Zergling x2  
  32  3:00  Drone  
  33  3:08  Drone x4  
  33  3:09  Drone  
  33  3:10  Drone  
  39  3:13  Drone  
  39  3:16  Overlord  
  40  3:20  Drone  
  40  3:25  Drone  
  42  3:29  Overlord  
  42  3:32  Zergling x2  
  42  3:41  Drone  
  42  3:42  Drone  
  42  3:43  Queen  
  42  3:44  Baneling x2  
  42  3:45  Zergling x2  
  42  3:46  Zergling x4  
  49  3:50  Drone x3  
  49  3:52  Drone  
  53  3:59  Drone x2  
  55  4:09  Drone x3  
  58  4:11  Evolution Chamber  
  58  4:12  Baneling  
  58  4:13  Drone x2  
  58  4:14  Queen  
  58  4:15  Drone x2  
  58  4:16  Drone  
  64  4:24  Drone  
  64  4:25  Drone, Overlord x2  
  66  4:33  Extractor  
  66  4:34  Extractor  
  66  4:36  Zerg Missile Weapons Level 1  
  66  4:37  Drone  
  64  4:41  Drone  
  64  4:43  Roach Warren  
  64  4:44  Drone, Overlord  
  65  4:48  Overlord  
  65  4:49  Drone x6  
  71  4:55  Drone x2  
  71  4:56  Drone x4  
  71  4:59  Overlord  
  77  5:02  Lair  
  77  5:07  Drone x3  
  77  5:13  Extractor  
  79  5:14  Extractor  
  79  5:17  Drone x3  
  81  5:21  Drone x2  
  81  5:22  Drone x2  
  81  5:27  Extractor  
  84  5:33  Drone x2  
  84  5:34  Drone x2, Overlord  
  88  5:37  Hatchery  
  87  5:44  Pneumatized Carapace  
  87  5:45  Evolution Chamber  
  87  5:47  Overlord  
  87  5:48  Overlord  
  87  5:49  Roach x3  
  92  5:54  Hatchery  
  91  5:59  Overseer x2  
  91  6:00  Glial Reconstitution  
  91  6:02  Roach x6  
  103  6:09  Ravager  
  103  6:11  Zerg Ground Armor Level 1  
  104  6:16  Overlord, Hydralisk Den  
  103  6:25  Roach x9  
  121  6:35  Roach x5  
  121  6:36  Roach x2  
  121  6:37  Overlord  
  134  6:40  Zerg Missile Weapons Level 2  
  134  6:46  Grooved Spines  
  134  6:48  Roach x2  
  134  6:49  Spore Crawler, Overlord  
  137  6:54  Overlord  
  137  6:59  Roach  
  137  7:00  Roach x5  
  149  7:06  Drone x4  
  149  7:07  Drone  
  154  7:09  Queen  
  156  7:22  Overlord  
  155  7:29  Spore Crawler  
  151  7:33  Drone  
  151  7:35  Lurker Den  
  151  7:36  Hydralisk  
  151  7:37  Hydralisk x8  
  151  7:43  Roach x5  
  179  7:44  Overlord x2  
  179  7:48  Overlord  
  177  8:01  Extractor  
  177  8:03  Roach x10, Extractor  
  191  8:13  Roach x4  
  177  8:22  Roach x8  
  191  8:31  Drone  
  191  8:32  Drone x3  
  195  8:37  Infestation Pit  
  195  8:40  Zerg Ground Armor Level 2  
  190  8:41  Muscular Augments  
  190  8:43  Drone x2  
  190  8:44  Spine Crawler  
  191  8:55  Tunneling Claws, Burrow  
  191  9:04  Drone x2  
  193  9:14  Hatchery  
  192  9:17  Unknown, Overlord  
  192  9:18  Unknown x3  
  192  9:23  Lurker x6  
  198  9:27  Overlord  
  198  9:31  Hive  
  198  9:38  Overseer x3  
  190  9:48  Hydralisk x4  
  190  9:52  Overseer x2  
  196  10:04  Drone  
  196  10:05  Drone x3, Spire  
  199  10:13  Roach x7  
  196  10:30  Roach x3  
  196  10:31  Roach x17  
  196  10:32  Hydralisk  
  196  10:33  Roach x3, Hydralisk  
  200  10:36  Spire  
  200  10:41  Roach x12  
  200  10:42  Overlord  
  193  10:55  Hydralisk x3  
  199  11:03  Roach x7, Zerg Missile Weapons Level 3, Zerg Ground Armor Level 3  
  177  11:14  Viper x3  
  177  11:15  Hydralisk x3  
  184  11:21  Drone x3  
  184  11:24  Roach  
  184  11:25  Roach x5  
  195  11:26  Roach x2  
  195  11:33  Extractor  
  195  11:34  Spine Crawler x2  
  195  11:35  Extractor  
  195  11:37  Roach x4  
  181  11:47  Hydralisk x7  
  181  11:48  Hydralisk x3  
  197  11:57  Roach  
  197  12:01  Roach x4  
  195  12:09  Roach  
  195  12:10  Roach  
  195  12:16  Roach x2  
  195  12:18  Hydralisk x7  
  195  12:19  Roach x2  
  195  12:20  Roach  
  196  12:36  Roach  
  180  12:42  Hydralisk  
  180  12:43  Hydralisk x9  
  196  12:54  Spine Crawler  
  196  12:56  Spine Crawler  
  177  13:01  Roach  
  177  13:02  Roach x14  
  198  13:13  Overlord x2  
  194  13:28  Extractor  
  194  13:29  Roach  
  194  13:33  Roach x3  
  197  13:38  Lurker x4  
  197  13:39  Lurker  
  200  13:44  Spine Crawler  
  200  13:45  Spine Crawler, Overseer x3  
  198  13:53  Unknown x7  
  198  13:56  Zerg Flyer Weapons Level 1, Greater Spire  
  198  13:58  Roach x8  
  196  14:12  Hydralisk x2  
  196  14:15  Roach  
  200  14:18  Unknown x2  
  200  14:26  Roach x4  
  196  14:31  Hydralisk  
  196  14:32  Roach x2  
  192  14:45  Unknown x3  
  188  14:47  Roach x4  
  188  14:48  Corruptor x6  
  196  15:01  Zerg Melee Weapons Level 1  
  194  15:09  Viper x2  
  139  15:29  Hydralisk x7  
  139  15:30  Hydralisk x25  
  139  15:32  Roach x2  
  187  15:41  Roach  
  187  15:42  Roach x5  
  199  15:43  Evolution Chamber x2  
  197  15:51  Zerg Flyer Armor Level 1  
  197  15:57  Evolution Chamber  
  197  15:58  Evolution Chamber  
  197  16:01  Overlord  
  195  16:05  Hatchery  
  194  16:11  Overlord  
  194  16:30  Unknown  
  194  16:33  Hydralisk x3  
  194  16:35  Zerg Flyer Weapons Level 2  
  194  16:47  Roach x4  
  194  16:48  Roach x4  
  194  16:51  Hydralisk, Lurker x9  
  191  17:05  Roach x5  
  157  17:16  Hydralisk  
  157  17:17  Hydralisk x6  
  157  17:18  Roach x13  
  157  17:21  Roach x2, Zergling x16  
  157  17:22  Zergling x28  
  198  17:28  Roach  
  195  17:49  Hatchery  
  191  17:52  Roach x5  
  186  18:05  Hydralisk x13  
  166  18:06  Hydralisk x2  
  166  18:09  Drone  
  166  18:10  Drone x2  
  188  18:28  Drone  
  188  18:29  Drone x2  
  188  18:32  Roach  
  188  18:33  Roach x2, Spine Crawler, Extractor, Hydralisk x4  
  188  18:34  Hydralisk  
  191  18:35  Spine Crawler  

Tags
 
Add a new tag
Caveats
  • Supply blocks, unpowered buildings, or Contaminate may cause inaccurate times.
  • Supply counts are checked every 10 seconds.